| TOP OF THE 1ST |
|
Princeton Rays batting - Pitching for Boston (APP) Red Sox : RHP Seb Lightfoot
|
|
Pitching: RHP Seb Lightfoot
|
|
|
Batting: SHB Berthold Frey
|
0-0: Called Strike 0-1: Ball 1-1: Ball 2-1: Foul Ball, location: 2F 2-2: SOLO HOME RUN (Flyball, 9LD, EV 94.4 MPH), Distance : 343 ft
|
|
Batting: LHB Dave Northam
|
0-0: Foul Ball, location: 2F 0-1: Swinging Strike 0-2: Strikes out swinging
|
|
Batting: LHB Oscar Curiel
|
0-0: Ball 1-0: Called Strike 1-1: Ball 2-1: Foul Ball, location: 2F 2-2: Foul Ball, location: 2F 2-2: Ball 3-2: SOLO HOME RUN (Flyball, 9LD, EV 95.0 MPH), Distance : 336 ft
|
|
Batting: RHB Bobby Ross
|
0-0: SINGLE (Groundball, 56D, EV 100.0 MPH)
|
|
Batting: SHB Luis Verduzco
|
0-0: SINGLE (Line Drive, 8LS, EV 96.2 MPH) Bobby Ross to second
|
|
Batting: RHB Mikey Sano
|
0-0: Foul Ball, location: 2F 0-1: Ball 1-1: Foul Ball, location: 2F 1-2: Strikes out swinging
|
|
Batting: RHB Dave Valdez
|
0-0: Called Strike 0-1: TRIPLE (Flyball, 89XD, EV 91.2 MPH) Bobby Ross scores Luis Verduzco scores
|
|
Batting: RHB Bogumil Filipowski
|
0-0: Foul Ball, location: 2F 0-1: Ball 1-1: Fly out, F7 (Line Drive, 7, EV 92.5 MPH)
|
| Top of the 1st over - 4 runs, 5 hits, 0 errors, 1 left on base; Princeton 4 - Boston (APP) 0 |
| BOTTOM OF THE 1ST |
|
Boston (APP) Red Sox batting - Pitching for Princeton Rays : LHP Alex Viera
|
|
Pitching: LHP Alex Viera
|
|
|
Batting: RHB Joe Booth
|
0-0: Ball 1-0: Foul Ball, location: 2F 1-1: Foul Ball, location: 2F 1-2: Ball 2-2: SOLO HOME RUN (Flyball, 9LD, EV 93.8 MPH), Distance : 358 ft
|
|
Batting: RHB Kirk Cully
|
0-0: Ball 1-0: Ball 2-0: Called Strike 2-1: Ball 3-1: Foul Ball, location: 2F 3-2: Base on Balls
|
|
Batting: LHB Kien-lung Zou
|
0-0: Ball Kirk Cully steals 2nd base 1-0: Ball 2-0: Ball 3-0: Foul Ball, location: 2F 3-1: Base on Balls
|
|
Batting: RHB Bakhtiar Asadov
|
0-0: Ball 1-0: Ball Kirk Cully steals 3rd base Kien-lung Zou to second 2-0: Called Strike 2-1: 3-RUN HOME RUN (Flyball, 7D, EV 96.2 MPH), Distance : 376 ft
|
|
Batting: RHB Felix Rangel
|
0-0: Ball 1-0: Ball 2-0: Swinging Strike 2-1: Ball 3-1: Base on Balls
|
|
Batting: RHB Luis Nino
|
0-0: Ball Felix Rangel is caught stealing 2nd base 2-4 1-0: DOUBLE (Line Drive, 78XD, EV 105.6 MPH)
|
|
Batting: RHB Mo Tsang
|
0-0: Called Strike 0-1: Ball 1-1: SINGLE (Groundball, 6MD, EV 95.0 MPH) Luis Nino to third Runner from 3rd tries for Home, SAFE, throw by CF to home Mo Tsang to second
|
|
Batting: RHB Estevan Carrillo
|
0-0: Ground out 4-3 (Groundball, 4, EV 86.9 MPH) Mo Tsang to third
|
|
Batting: SHB Matsudaira Ikeda
|
0-0: Ball 1-0: Foul Ball, location: 2F 1-1: Ball 2-1: Ball 3-1: Base on Balls
|
|
Pitching: LHP John Sceviour
|
|
|
Batting: RHB Joe Booth
|
0-0: Ball 1-0: Foul Ball, location: 2F 1-1: Swinging Strike 1-2: Ball 2-2: Strikes out looking
|
| Bottom of the 1st over - 5 runs, 4 hits, 0 errors, 2 left on base; Princeton 4 - Boston (APP) 5 |
| TOP OF THE 2ND |
|
Princeton Rays batting - Pitching for Boston (APP) Red Sox : RHP Seb Lightfoot
|
|
Batting: LHB Eduardo Lopez
|
0-0: Called Strike 0-1: Ball 1-1: Foul Ball, location: 2F 1-2: Ball 2-2: Strikes out swinging
|
|
Batting: SHB Berthold Frey
|
0-0: Ball 1-0: Ball 2-0: Ball 3-0: Base on Balls
|
|
Batting: LHB Dave Northam
|
0-0: Called Strike 0-1: Ball 1-1: Fielders Choice at 2nd, 3-6 (Groundball, 3, EV 100.6 MPH)
|
|
Batting: LHB Oscar Curiel
|
0-0: Fielders Choice at 2nd, 5-4 (Groundball, 56, EV 83.8 MPH)
|
| Top of the 2nd over - 0 runs, 0 hits, 0 errors, 1 left on base; Princeton 4 - Boston (APP) 5 |
| BOTTOM OF THE 2ND |
|
Boston (APP) Red Sox batting - Pitching for Princeton Rays : LHP John Sceviour
|
|
Batting: RHB Kirk Cully
|
0-0: Ball 1-0: Fly out, F7 (Flyball, 7D, EV 98.8 MPH)
|
|
Batting: LHB Kien-lung Zou
|
0-0: Foul Ball, location: 2F 0-1: Swinging Strike 0-2: DOUBLE (Line Drive, 8LXD, EV 110.0 MPH)
|
|
Batting: RHB Bakhtiar Asadov
|
0-0: Ball 1-0: Called Strike 1-1: Foul Ball, location: 2F 1-2: Strikes out swinging
|
|
Batting: RHB Felix Rangel
|
0-0: Ball 1-0: Ball 2-0: Swinging Strike 2-1: Ball 3-1: Foul Ball, location: 2F 3-2: Strikes out swinging
|
| Bottom of the 2nd over - 0 runs, 1 hit, 0 errors, 1 left on base; Princeton 4 - Boston (APP) 5 |
| TOP OF THE 3RD |
|
Princeton Rays batting - Pitching for Boston (APP) Red Sox : RHP Seb Lightfoot
|
|
Batting: RHB Bobby Ross
|
0-0: Called Strike 0-1: Ground out 4-3 (Groundball, 4S, EV 66.2 MPH)
|
|
Batting: SHB Luis Verduzco
|
0-0: Ball 1-0: DOUBLE (Line Drive, 78M, EV 95.6 MPH)
|
|
Batting: RHB Mikey Sano
|
0-0: Swinging Strike 0-1: Called Strike Luis Verduzco steals 3rd base 0-2: Strikes out swinging
|
|
Batting: RHB Dave Valdez
|
0-0: Ball 1-0: Ball 2-0: Called Strike 2-1: Foul Ball, location: 2F 2-2: Ball 3-2: Strikes out swinging
|
| Top of the 3rd over - 0 runs, 1 hit, 0 errors, 1 left on base; Princeton 4 - Boston (APP) 5 |
| BOTTOM OF THE 3RD |
|
Boston (APP) Red Sox batting - Pitching for Princeton Rays : LHP John Sceviour
|
|
Batting: RHB Luis Nino
|
0-0: Ball 1-0: SOLO HOME RUN (Flyball, 89XD, EV 108.8 MPH), Distance : 418 ft
|
|
Batting: RHB Mo Tsang
|
0-0: Called Strike 0-1: Ball 1-1: Ball 2-1: Foul Ball, location: 2F 2-2: Ball 3-2: Strikes out swinging
|
|
Batting: RHB Estevan Carrillo
|
0-0: SINGLE (Groundball, 6D, EV 96.2 MPH)
|
|
Batting: SHB Matsudaira Ikeda
|
0-0: Ball 1-0: Ball 2-0: Ball 3-0: Called Strike 3-1: DOUBLE (Flyball, 8LD, EV 101.9 MPH) Estevan Carrillo to third Runner from 3rd tries for Home, SAFE, no throw by CF
|
|
Batting: RHB Joe Booth
|
0-0: Swinging Strike 0-1: Ball 1-1: Fly out, F3 (Popup, 3SF, EV 67.5 MPH)
|
|
Batting: RHB Kirk Cully
|
0-0: Called Strike 0-1: Foul Ball, location: 2F 0-2: Ground out 5-3 (Groundball, 5, EV 81.9 MPH)
|
| Bottom of the 3rd over - 2 runs, 3 hits, 0 errors, 1 left on base; Princeton 4 - Boston (APP) 7 |
| TOP OF THE 4TH |
|
Princeton Rays batting - Pitching for Boston (APP) Red Sox : RHP Seb Lightfoot
|
|
Batting: RHB Bogumil Filipowski
|
0-0: Swinging Strike 0-1: Ground out 4-3 (Groundball, 4, EV 103.1 MPH)
|
|
Batting: LHB Eduardo Lopez
|
0-0: Foul Ball, location: 2F 0-1: Foul Ball, location: 2F 0-2: Strikes out swinging
|
|
Batting: SHB Berthold Frey
|
0-0: Called Strike 0-1: Swinging Strike 0-2: Ball 1-2: Ball 2-2: DOUBLE (Line Drive, 78D, EV 110.6 MPH)
|
|
Batting: LHB Dave Northam
|
0-0: Ball 1-0: Ball 2-0: Called Strike 2-1: Ball 3-1: Base on Balls
|
|
Batting: LHB Oscar Curiel
|
0-0: Ball 1-0: Ball 2-0: Ball 3-0: Called Strike 3-1: Foul Ball, location: 2F 3-2: Base on Balls Berthold Frey to third Dave Northam to second
|
|
Batting: RHB Bobby Ross
|
0-0: Ball 1-0: Ball 2-0: Called Strike 2-1: Ball 3-1: Base on Balls Berthold Frey scores Dave Northam to third Oscar Curiel to second
|
|
Batting: SHB Luis Verduzco
|
0-0: Called Strike 0-1: Ball 1-1: Ball 2-1: SINGLE (Line Drive, 34, EV 99.4 MPH) Dave Northam scores Oscar Curiel to third Bobby Ross to second Runner from 3rd tries for Home, SAFE, throw by RF to home
|
|
Pitching: RHP Du Kong
|
|
|
Now in RF: Mike Hutcheson
|
|
|
Pinch Hitting: RHB Tim Dower
|
0-0: Swinging Strike 0-1: Foul Ball, location: 2F 0-2: Strikes out looking
|
| Top of the 4th over - 3 runs, 2 hits, 0 errors, 2 left on base; Princeton 7 - Boston (APP) 7 |
| BOTTOM OF THE 4TH |
|
Boston (APP) Red Sox batting - Pitching for Princeton Rays : LHP John Sceviour
|
|
Now at 1B: Luis Verduzco
|
|
|
Now in CF: Tim Dower
|
|
|
Batting: LHB Kien-lung Zou
|
0-0: DOUBLE (Flyball, 89D, EV 90.0 MPH)
|
|
Batting: RHB Bakhtiar Asadov
|
0-0: Ball 1-0: 2-RUN HOME RUN (Flyball, 78XD, EV 105.0 MPH), Distance : 410 ft
|
|
Pitching: RHP Cortez Cruz
|
|
|
Batting: LHB Mike Hutcheson
|
0-0: Called Strike 0-1: Foul Ball, location: 2F 0-2: Ball 1-2: Foul Ball, location: 2F 1-2: Ball 2-2: Ball 3-2: Strikes out looking
|
|
Batting: RHB Luis Nino
|
0-0: Ground out 5-3 (Groundball, 56, EV 103.8 MPH)
|
|
Batting: RHB Mo Tsang
|
0-0: Ball 1-0: Called Strike 1-1: Foul Ball, location: 2F 1-2: Ball 2-2: Ball 3-2: Base on Balls
|
|
Batting: RHB Estevan Carrillo
|
0-0: Ball 1-0: Ball 2-0: Ball 3-0: Base on Balls Mo Tsang to second
|
|
Batting: SHB Matsudaira Ikeda
|
0-0: Called Strike 0-1: Ground out 4-3 (Groundball, 4S, EV 85.6 MPH)
|
| Bottom of the 4th over - 2 runs, 2 hits, 0 errors, 2 left on base; Princeton 7 - Boston (APP) 9 |
| TOP OF THE 5TH |
|
Princeton Rays batting - Pitching for Boston (APP) Red Sox : RHP Du Kong
|
|
Batting: RHB Dave Valdez
|
0-0: Called Strike 0-1: Swinging Strike 0-2: Foul Ball, location: 2F 0-2: Ball 1-2: Strikes out swinging
|
|
Batting: RHB Bogumil Filipowski
|
0-0: Ground out U3 (Groundball, 34, EV 87.5 MPH)
|
|
Batting: LHB Eduardo Lopez
|
0-0: Foul Ball, location: 2F 0-1: Ball 1-1: DOUBLE (Line Drive, 5D, EV 97.5 MPH)
|
|
Batting: SHB Berthold Frey
|
0-0: Ball 1-0: Ball 2-0: Called Strike 2-1: Ball Wild Pitch! Eduardo Lopez to third 3-1: Foul Ball, location: 2F 3-2: Base on Balls
|
|
Batting: LHB Dave Northam
|
0-0: Called Strike Berthold Frey is caught stealing 2nd base 2-6
|
| Top of the 5th over - 0 runs, 1 hit, 0 errors, 1 left on base; Princeton 7 - Boston (APP) 9 |
| BOTTOM OF THE 5TH |
|
Boston (APP) Red Sox batting - Pitching for Princeton Rays : RHP Cortez Cruz
|
|
Batting: RHB Joe Booth
|
0-0: Ball 1-0: Called Strike 1-1: Ball 2-1: Ball 3-1: Base on Balls
|
|
Batting: RHB Kirk Cully
|
0-0: Swinging Strike 0-1: Foul Ball, location: 2F 0-2: Ball 1-2: Foul Ball, location: 2F 1-2: Foul Ball, location: 2F 1-2: Foul Ball, location: 2F 1-2: Foul Ball, location: 2F 1-2: Ball 2-2: Fielders Choice at 2nd, 5-4 (Groundball, 56, EV 103.1 MPH)
|
|
Batting: LHB Kien-lung Zou
|
0-0: Foul Ball, location: 2F 0-1: Ball 1-1: Ball Balk! Kirk Cully to second 2-1: Ball 3-1: Base on Balls
|
|
Batting: RHB Bakhtiar Asadov
|
0-0: Called Strike 0-1: 3-RUN HOME RUN (Flyball, 9LD, EV 97.5 MPH), Distance : 358 ft
|
|
Pitching: RHP Cole Roome
|
|
|
Batting: LHB Mike Hutcheson
|
0-0: Called Strike 0-1: Foul Ball, location: 2F 0-2: Foul Ball, location: 2F 0-2: SINGLE (Line Drive, 89S, EV 95.6 MPH)
|
|
Batting: RHB Luis Nino
|
0-0: Ball 1-0: Called Strike 1-1: Ball 2-1: Ball 3-1: Fielders Choice at 2nd, 4-6 (Groundball, 4, EV 88.1 MPH)
|
|
Batting: RHB Mo Tsang
|
0-0: Called Strike 0-1: Ball 1-1: Ball 2-1: Ground out 6-3 (Groundball, 4MD, EV 96.2 MPH)
|
| Bottom of the 5th over - 3 runs, 2 hits, 0 errors, 1 left on base; Princeton 7 - Boston (APP) 12 |
| TOP OF THE 6TH |
|
Princeton Rays batting - Pitching for Boston (APP) Red Sox : RHP Du Kong
|
|
Batting: LHB Dave Northam
|
0-0: Called Strike 0-1: Swinging Strike 0-2: SOLO HOME RUN (Flyball, 9D, EV 96.9 MPH), Distance : 369 ft
|
|
Batting: LHB Oscar Curiel
|
0-0: Swinging Strike 0-1: Foul Ball, location: 2F 0-2: Strikes out looking
|
|
Batting: RHB Bobby Ross
|
0-0: Called Strike 0-1: Ball 1-1: Ball 2-1: SINGLE (Line Drive, 9S, EV 109.4 MPH)
|
|
Batting: SHB Luis Verduzco
|
0-0: Called Strike 0-1: Swinging Strike 0-2: Strikes out swinging
|
|
Batting: RHB Tim Dower
|
0-0: Ball 1-0: Called Strike 1-1: 2-RUN HOME RUN (Flyball, 7LD, EV 95.6 MPH), Distance : 354 ft
|
|
Pitching: RHP Jose Duran
|
|
|
Batting: RHB Dave Valdez
|
0-0: Foul Ball, location: 2F 0-1: Swinging Strike 0-2: Ball 1-2: Strikes out looking
|
| Top of the 6th over - 3 runs, 3 hits, 0 errors, 0 left on base; Princeton 10 - Boston (APP) 12 |
| BOTTOM OF THE 6TH |
|
Boston (APP) Red Sox batting - Pitching for Princeton Rays : RHP Cole Roome
|
|
Batting: RHB Estevan Carrillo
|
0-0: Swinging Strike 0-1: Fly out, F9 (Line Drive, 9, EV 94.4 MPH)
|
|
Batting: SHB Matsudaira Ikeda
|
0-0: Ground out 4-3 (Groundball, 4MS, EV 61.9 MPH)
|
|
Batting: RHB Joe Booth
|
0-0: Called Strike 0-1: SINGLE (Groundball, 56, EV 101.9 MPH)
|
|
Batting: RHB Kirk Cully
|
0-0: Ball 1-0: Foul Ball, location: 2F 1-1: Foul Ball, location: 2F 1-2: Strikes out swinging
|
| Bottom of the 6th over - 0 runs, 1 hit, 0 errors, 1 left on base; Princeton 10 - Boston (APP) 12 |
| TOP OF THE 7TH |
|
Princeton Rays batting - Pitching for Boston (APP) Red Sox : RHP Jose Duran
|
|
Batting: RHB Bogumil Filipowski
|
0-0: Called Strike 0-1: Ground out U3 (Groundball, 3, EV 81.2 MPH)
|
|
Batting: LHB Eduardo Lopez
|
0-0: SOLO HOME RUN (Flyball, 9D, EV 100.0 MPH), Distance : 367 ft
|
|
Batting: SHB Berthold Frey
|
0-0: Ball 1-0: Ball 2-0: Called Strike 2-1: Foul Ball, location: 2F 2-2: Ball 3-2: Base on Balls
|
|
Batting: LHB Dave Northam
|
0-0: Ball 1-0: Ball 2-0: Foul Ball, location: 2F 2-1: Foul Ball, location: 2F 2-2: Foul Ball, location: 2F 2-2: Fly out, F8 (Flyball, 8RXD, EV 81.9 MPH)
|
|
Batting: LHB Oscar Curiel
|
0-0: Ball 1-0: Ball 2-0: Foul Ball, location: 2F 2-1: Ball 3-1: SINGLE (Line Drive, 4D, EV 98.1 MPH) Berthold Frey to second Runner from 2nd tries for 3rd, OUT! 8-5
|
| Top of the 7th over - 1 run, 2 hits, 0 errors, 1 left on base; Princeton 11 - Boston (APP) 12 |
| BOTTOM OF THE 7TH |
|
Boston (APP) Red Sox batting - Pitching for Princeton Rays : RHP Cole Roome
|
|
Batting: LHB Kien-lung Zou
|
0-0: Ball 1-0: Ball 2-0: Called Strike 2-1: Foul Ball, location: 2F 2-2: Fly out, F7 (Flyball, 7, EV 84.4 MPH)
|
|
Batting: RHB Bakhtiar Asadov
|
0-0: Ball 1-0: Ball 2-0: Swinging Strike 2-1: Ball 3-1: Base on Balls
|
|
Pitching: RHP J.P. Taylor
|
|
|
Batting: LHB Mike Hutcheson
|
0-0: Foul Ball, location: 2F 0-1: Foul Ball, location: 2F 0-2: Fielders Choice at 2nd, 4-6 (Groundball, 4, EV 101.9 MPH)
|
|
Pinch Hitting: LHB Javier Cajina
|
0-0: Called Strike 0-1: Foul Ball, location: 2F 0-2: Ball 1-2: Foul Ball, location: 2F 1-2: Foul Ball, location: 2F 1-2: Foul Ball, location: 2F 1-2: Strikes out swinging
|
| Bottom of the 7th over - 0 runs, 0 hits, 0 errors, 1 left on base; Princeton 11 - Boston (APP) 12 |
| TOP OF THE 8TH |
|
Princeton Rays batting - Pitching for Boston (APP) Red Sox : RHP Jose Duran
|
|
Now at 2B: Stanislav Parusov
|
|
|
Batting: RHB Bobby Ross
|
0-0: Ball 1-0: Foul Ball, location: 2F 1-1: Foul Ball, location: 2F 1-2: Foul Ball, location: 2F 1-2: Foul Ball, location: 2F 1-2: Ball 2-2: Strikes out swinging
|
|
Batting: SHB Luis Verduzco
|
0-0: Ball 1-0: Ball 2-0: SOLO HOME RUN (Flyball, 7LD, EV 94.4 MPH), Distance : 346 ft
|
|
Pinch Hitting: SHB Omar Cervantes
|
0-0: Called Strike 0-1: Foul Ball, location: 2F 0-2: Ball 1-2: Foul Ball, location: 2F 1-2: Foul Ball, location: 2F 1-2: Ball 2-2: Ball 3-2: Foul Ball, location: 2F 3-2: Foul Ball, location: 2F 3-2: Foul Ball, location: 2F 3-2: Fly out, F7 (Line Drive, 7D, EV 95.0 MPH)
|
|
Batting: RHB Dave Valdez
|
0-0: Ball 1-0: Ball 2-0: Fly out, F8 (Flyball, 8RM, EV 95.0 MPH)
|
| Top of the 8th over - 1 run, 1 hit, 0 errors, 0 left on base; Princeton 12 - Boston (APP) 12 |
| BOTTOM OF THE 8TH |
|
Boston (APP) Red Sox batting - Pitching for Princeton Rays : RHP J.P. Taylor
|
|
Now in CF: Sean Boenig
|
|
|
Pinch Hitting: RHB Josh Smith
|
0-0: Ball 1-0: Called Strike 1-1: Ball 2-1: Ball 3-1: Foul Ball, location: 2F 3-2: Ground out 6-3 (Groundball, 6, EV 103.1 MPH)
|
|
Pinch Hitting: SHB Arihito Hiramoto
|
0-0: Ground out 4-3 (Groundball, 34D, EV 81.9 MPH)
|
|
Batting: SHB Matsudaira Ikeda
|
0-0: Ball 1-0: Ball 2-0: Ball 3-0: Base on Balls
|
|
Batting: RHB Joe Booth
|
0-0: Ball 1-0: Ball 2-0: Foul Ball, location: 2F 2-1: Ball 3-1: Foul Ball, location: 2F 3-2: Base on Balls Matsudaira Ikeda to second
|
|
Batting: RHB Kirk Cully
|
0-0: Ball 1-0: Called Strike 1-1: Foul Ball, location: 2F 1-2: Ball 2-2: Fly out, F7 (Flyball, 7D, EV 88.8 MPH)
|
| Bottom of the 8th over - 0 runs, 0 hits, 0 errors, 2 left on base; Princeton 12 - Boston (APP) 12 |
| TOP OF THE 9TH |
|
Princeton Rays batting - Pitching for Boston (APP) Red Sox : RHP Jose Duran
|
|
Pitching: RHP Cedric Tyler
|
|
|
Now at C: Josh Smith
|
|
|
Now at 1B: Vladmiri Nugaibekov
|
|
|
Batting: RHB Bogumil Filipowski
|
0-0: Ball 1-0: Ball 2-0: Ground out 4-3 (Groundball, 4, EV 91.9 MPH)
|
|
Batting: LHB Eduardo Lopez
|
0-0: Ground out 4-3 (Groundball, 4, EV 88.8 MPH)
|
|
Batting: SHB Berthold Frey
|
0-0: Foul Ball, location: 2F 0-1: Ball 1-1: Ball 2-1: Ball 3-1: Foul Ball, location: 2F 3-2: TRIPLE (Line Drive, 89XD, EV 110.6 MPH)
|
|
Batting: LHB Dave Northam
|
0-0: Ball 1-0: Ball 2-0: Called Strike 2-1: Swinging Strike 2-2: Ball 3-2: SINGLE (Groundball, 15S, EV 68.1 MPH) (infield hit) Berthold Frey scores
|
|
Batting: LHB Oscar Curiel
|
0-0: Called Strike Dave Northam steals 2nd base 0-1: Foul Ball, location: 2F 0-2: Ball 1-2: Ball 2-2: Ball 3-2: Foul Ball, location: 2F 3-2: Base on Balls
|
|
Batting: RHB Bobby Ross
|
0-0: Foul Ball, location: 2F 0-1: DOUBLE (Flyball, 89D, EV 100.6 MPH) Dave Northam scores Oscar Curiel to third Runner from 3rd tries for Home, SAFE, no throw by RF
|
|
Batting: SHB Luis Verduzco
|
0-0: Called Strike 0-1: Called Strike 0-2: Foul Ball, location: 2F 0-2: Foul Ball, location: 2F 0-2: Ball 1-2: Strikes out swinging
|
| Top of the 9th over - 3 runs, 3 hits, 0 errors, 1 left on base; Princeton 15 - Boston (APP) 12 |
| BOTTOM OF THE 9TH |
|
Boston (APP) Red Sox batting - Pitching for Princeton Rays : RHP J.P. Taylor
|
|
Pitching: RHP Matt Roberts
|
|
|
Batting: LHB Kien-lung Zou
|
0-0: Called Strike 0-1: Ground out 4-3 (Groundball, 4, EV 89.4 MPH)
|
|
Batting: RHB Bakhtiar Asadov
|
0-0: Ball 1-0: Ball 2-0: Ball 3-0: Base on Balls
|
|
Batting: LHB Mike Hutcheson
|
0-0: Ball 1-0: Ball 2-0: Ball 3-0: Called Strike 3-1: Called Strike 3-2: Base on Balls Bakhtiar Asadov to second
|
|
Batting: LHB Stanislav Parusov
|
0-0: Ball 1-0: Swinging Strike 1-1: Foul Ball, location: 2F 1-2: Foul Ball, location: 2F 1-2: TRIPLE (Line Drive, 89XD, EV 105.0 MPH) Bakhtiar Asadov scores Mike Hutcheson scores
|
|
Batting: RHB Josh Smith
|
0-0: Swinging Strike 0-1: Foul Ball, location: 2F 0-2: Ball 1-2: Ball 2-2: 2-RUN HOME RUN (Flyball, 7D, EV 99.4 MPH), Distance : 382 ft
|
| Bottom of the 9th over - 4 runs, 2 hits, 0 errors, 0 left on base; Princeton 15 - Boston (APP) 16 |
|